 Dungeon Crawl Stone Soup version 0.27-a0-1184-ge86db4a01e (webtiles) character file.

Game seed: 15247033080672210438

45 wakim the Shield-Bearer (level 3, -14/36 HPs)
             Began as a Troll Fighter on May 18, 2021.
             Demolished by an ogre
             ... wielding a +0 giant spiked club
              (25 damage)
             ... on level 2 of the Dungeon.
             The game lasted 00:02:55 (1078 turns).

wakim the Shield-Bearer (Troll Fighter)             Turns: 1078, Time: 00:02:56

Health: -14/36     AC:  4    Str: 25    XL:     3   Next: 42%
Magic:  0/2        EV:  8    Int:  4    God:
Gold:   38         SH:  9    Dex:  9    Spells: 2/2 levels left

rFire    . . .     SeeInvis .     - Unarmed
rCold    . . .     Faith    .   b - +0 kite shield
rNeg     . . .     Spirit   +   a - +0 robe
rPois    .         Reflect  .   (helmet restricted)
rElec    .         Harm     .   (no cloak)
rCorr    .         Rampage  .   (gloves unavailable)
Will     .....                  (boots unavailable)
Stlth    +.........             c - amulet of guardian spirit
HPRegen  1.12/turn              (no ring)
MPRegen  0.08/turn              (no ring)

@: no status effects
A: large, unfitting armour, claws 3, regeneration 1, shaggy fur 1, tough skin 1
a: no special abilities


You were on level 2 of the Dungeon.
You visited 1 branch of the dungeon, and saw 2 of its levels.

You collected 38 gold pieces.

Inventory:

Armour
 a - a +0 robe (worn)
 b - a +0 kite shield (worn)
Jewellery
 c - an amulet of guardian spirit (around neck)
Potions
 d - 2 potions of invisibility {unknown}
 F - 3 potions of curing
 N - a potion of might


   Skills:
 + Level 2.6 Fighting
 + Level 2.7 Dodging
 * Level 2.9 Shields
 * Level 2.7 Unarmed Combat


You had 2 spell levels left.
You didn't know any spells.
Your spell library contained the following spells:

 Spells                   Type           Power      Damage    Failure   Level
 Beastly Appendage        Tmut           0%         N/A       91%         1
 Wereblood                Tmut           0%         N/A       97%         2
 Spider Form              Tmut/Pois      0%         N/A       99%         3
 Ice Form                 Ice/Tmut       0%         N/A       100%        4
 Hydra Form               Tmut           0%         N/A       100%        5


Dungeon Overview and Level Annotations

Branches:
Dungeon (2/15)

Altars:
Wu Jian


Innate Abilities, Weirdness & Mutations

You are too large for most types of armour.
You have claws for hands.
Your natural rate of healing is unusually fast.
You are covered in fur. (AC +1)
You have tough skin. (AC +1)


Message History

You claw the worm!
The worm is heavily wounded.
You claw the worm!
You kill the worm!
No target in view!
You see here 20 bolts.
A quokka comes into view.
You barely miss the quokka. The quokka closely misses you.
You claw the quokka!
You kill the quokka!
No target in view!
You see here a quokka corpse.
Found a scroll labelled RUF KIHUAHOOM.
No target in view!
No target in view!
e - a scroll labelled RUF KIHUAHOOM
As you read the scroll labelled RUF KIHUAHOOM, it crumbles to dust.
You assume a fearsome visage.
Nothing appears to happen.
It was a scroll of fear.
An ogre comes into view. It is wielding a +0 giant spiked club.
The ogre shouts!
You claw the ogre!
The ogre is moderately wounded.
The ogre barely misses you.
You barely miss the ogre.
The ogre is moderately wounded.
The ogre hits you with a +0 giant spiked club!!
Ouch! That really hurt!
* * * LOW HITPOINT WARNING * * *
You scratch the ogre.
The ogre is moderately wounded.
The ogre closely misses you.
You claw the ogre!
The ogre is heavily wounded.
The ogre barely misses you.
You scratch the ogre.
The ogre is severely wounded.
The ogre hits you with a +0 giant spiked club!!
Ouch! That really hurt!
You die...

#### #.. #.#
#######.#
#..O@...#
#.#####.# #.
####.###.# #O
#........# #.
#.##.#######
#.##.##........
#.......#######
####.#### #.#


You could see an ogre.

Vanquished Creatures
  2 worms (D:2)
  A dart slug (D:1)
  4 ball pythons
  2 bats (D:2)
  3 giant cockroaches (D:1)
  4 goblins (D:1)
  5 hobgoblins
  2 jackals (D:1)
  2 quokkas
  A frilled lizard (D:1)
  2 kobolds (D:1)
  5 rats
33 creatures vanquished.

Notes
Turn   | Place    | Note
-------+----------+-------------------------------------------
     0 | D:1      | wakim the Troll Fighter began the quest for the Orb.
     0 | D:1      | Reached XP level 1. HP: 22/22 MP: 0/0
   135 | D:1      | Reached XP level 2. HP: 29/29 MP: 1/1
   149 | D:1      | Found a faded altar of an unknown god.
   547 | D:1      | Found an ornate altar of the Wu Jian Council.
   728 | D:1      | Reached XP level 3. HP: 36/36 MP: 2/2
  1068 | D:2      | Noticed an ogre
  1078 | D:2      | Demolished by an ogre

Illustrated notes

Levels and vault maps discovered:
D:1:      dpeg_arrival_water_altar, layout_basic, ebering_ecumenical_altar_hall
D:2:      layout_loops_ring

Action                   || total
-------------------------++-------
Melee: Unarmed           ||   111
  Use: Scroll            ||     3
 Stab: Sleeping          ||     1
Armor: Robe              ||    26
Dodge: Dodged            ||    30
Block: Kite shield       ||    48

Table legend: (Time is in decaauts)
 A = Elapsed time spent in this place.
 B = Non-inter-level travel time spent in this place.
 C = Inter-level travel time spent in this place.
 D = Time resting spent in this place.
 E = Time spent auto-exploring this place.
 F = Levels seen in this place.
 G = Mean time per level.
                   A        B        C        D        E       F      G
               +--------+--------+--------+--------+--------+-----+--------+
         Total |   1099 |   1034 |     65 |      0 |    798 |   2 |  549.5 |
       Dungeon |   1099 |   1034 |     65 |      0 |    798 |   2 |  549.5 |
               +--------+--------+--------+--------+--------+-----+--------+

Top non-repeatable levels by time:
     D:1: 821 daAuts
     D:2: 278 daAuts
